 Dungeon Crawl Stone Soup version 0.28-b1-70-g80dc712255 (webtiles) character file.

Game seed: 1555311453783493095

56 cbfl8 the Sneak (level 3, -2/33 HPs)
             Began as a Minotaur Delver on Feb 3, 2022.
             Slain by a sky beast (5 damage)
             ... on level 5 of the Dungeon.
             The game lasted 00:00:55 (362 turns).

cbfl8 the Sneak (Minotaur Delver)                    Turns: 362, Time: 00:00:56

Health: -2/33      AC:  3    Str: 18    XL:     3   Next: 69%
Magic:  2/2        EV: 12    Int:  7    God:
Gold:   14         SH:  0    Dex: 11    Spells: 2/2 levels left

rFire   . . .      SeeInvis .   a - +0 hand axe
rCold   . . .      Faith    .   (no shield)
rNeg    . . .      Spirit   .   b - +0 leather armour
rPois   .          Reflect  .   (helmet restricted)
rElec   .          Harm     .   (no cloak)
rCorr   .          Rampage  .   (no gloves)
Will    .....                   (no boots)
Stlth   ++........              (no amulet)
HPRegen 0.11/turn               (no ring)
MPRegen 0.08/turn               (no ring)

@: no status effects
A: horns 2, retaliatory headbutt
a: no special abilities


You were on level 5 of the Dungeon.
You visited 1 branch of the dungeon, and saw 2 of its levels.

You collected 14 gold pieces.

Inventory:

Hand Weapons
 a - a +0 hand axe (weapon)
Armour
 b - a +0 leather armour (worn)
Wands
 g - a wand of digging (3)
Scrolls
 c - a scroll of fog
 d - a scroll of magic mapping
 e - a scroll of fear
 h - a scroll of holy word {unknown}


   Skills:
 + Level 4.1 Fighting
 + Level 3.3 Axes
 + Level 2.2 Dodging
 + Level 4.7 Stealth


You had 2 spell levels left.
You didn't know any spells.
Your spell library was empty.

Dungeon Overview and Level Annotations

Branches:
Dungeon (6/15)
 Temple: D:4-7

Altars:


Innate Abilities, Weirdness & Mutations

You have a pair of horns on your head.
You reflexively headbutt those who attack you in melee.


Message History

Found 16 gold pieces.
Found 14 gold pieces.
Your extra speed is starting to run out.
You feel yourself slow down.
There is a stone staircase leading down here.
You climb downwards.
Reactivating autopickup.
Found a stone staircase leading up.
There is a stone staircase leading up here.
You start resting.
HP restored.
You start waiting.
Done waiting.
There is a stone staircase leading up here.
You climb upwards.
Found a ring mail.
There is a stone staircase leading down here.
Found a stone staircase leading up.
The sky beast hits you. The sky beast shocks you.
You see here a +0 ring mail.
You closely miss the sky beast. The sky beast hits you.
The sky beast shocks you.
You barely miss the sky beast. Your headbutt misses the sky beast.
The sky beast hits you. The sky beast shocks you.
* * * LOW HITPOINT WARNING * * *
The sky beast hits you but does no damage.
You hit the sky beast. Your headbutt misses the sky beast.
The sky beast is lightly wounded.
The sky beast completely misses you. You furiously retaliate!
You headbutt the sky beast, but do no damage.
You slash the sky beast! You punch the sky beast.
The sky beast is heavily wounded.
The sky beast completely misses you.
You hit the sky beast.
You headbutt the sky beast, but do no damage.
The sky beast is severely wounded.
The sky beast hits you.
* * * LOW HITPOINT WARNING * * *
The sky beast shocks you.
You die...

###+#### #......#
#......# #......+
#####......####
..............#
#######.#@##.##
.......>.Y.......
#######..........
#.#.#.#....
......'....
####.#.#....
#.#.#.. . #<# #
..


You could see a sky beast.

Vanquished Creatures
  An orc priest (D:5)
  A scorpion zombie (D:5)
  An orc (D:5)
3 creatures vanquished.

Notes
Turn   | Place    | Note
-------+----------+-------------------------------------------
     0 | D:5      | cbfl8 the Minotaur Delver began the quest for the Orb.
     0 | D:5      | Reached XP level 1. HP: 19/19 MP: 0/0
    24 | D:5      | Noticed an ogre
   120 | D:5      | Noticed an orc wizard
   120 | D:5      | Noticed an orc priest
   147 | D:5      | Noticed an ogre
   151 | D:5      | Killed an orc priest
   152 | D:5      | Reached XP level 2. HP: 19/27 MP: 1/1
   152 | D:5      | Reached XP level 3. HP: 23/33 MP: 2/2
   352 | D:5      | Noticed a sky beast
   362 | D:5      | Slain by a sky beast

Illustrated notes

Levels and vault maps discovered:
D:5:      layout_basic, nicolae_shop_gadgets
D:6:      layout_gridville

Skill      XL: |  1 |
---------------+----+-----
Fighting       | 4 |  4.1
Axes           | 3 |  3.3
Dodging        | |  2.2
Stealth        | |  4.7

Action                   || total
-------------------------++-------
Melee: Hand axe          ||    14
       Headbutt          ||     2
       Punch             ||     1
  Use: Potion            ||     1
Armor: Leather armour    ||     3
Dodge: Dodged            ||     9
